 Dungeon Crawl Stone Soup version 0.31.0-9-g3a7656b989 (webtiles) character file.

Game seed: 17996201984371154305

2240 qw the Skirmisher (level 8, -9/68 HPs)
             Began as a Demigod Hunter on Feb 2, 2024.
             Mangled by Amaemon
             ... wielding a +1 demon whip of venom
              (16 damage)
             ... on level 8 of the Dungeon.
             The game lasted 00:00:26 (4727 turns).

qw the Skirmisher (Demigod Hunter)                  Turns: 4727, Time: 00:00:26

Health: -9/68      AC:  5    Str: 12    XL:     8   Next: 92%
Magic:  19/19      EV: 20    Int: 11    God:
Gold:   293        SH:  0    Dex: 25    Spells: 7/7 levels left

rFire   . . .        a - +0 shortbow (elec)
rCold   . . .        (shield currently unavailable)
rNeg    . . .        m - +0 leather armour "Ovuckiv" {Will+ MP+9}
rPois   .            e - +0 helmet
rElec   .            (no cloak)
rCorr   .            i - +0 pair of gloves
SInv    .            (no boots)
Will    ++...        f - amulet of the acrobat
Stlth   ++           n - +5 ring of evasion
HPRegen 0.31/turn    d - ring of willpower
MPRegen 0.16/turn

%: acrobat
@: lethally poisoned (-9 -> -32), about to teleport, hasted and slowed
A: high MP 1, forlorn, divine attributes
a: no special abilities


You were on level 8 of the Dungeon.
You visited 1 branch of the dungeon, and saw 8 of its levels.

You collected 433 gold pieces.
You spent 140 gold pieces at shops.


Innate Abilities, Weirdness & Mutations

You have an increased reservoir of magic. (+10% MP)
You shall have no god before yourself.
Your divine heritage dramatically boosts your attributes as you level up.


   Skills:
 - Level 5.0 Fighting
 + Level 9.5 Ranged Weapons
 - Level 1.1 Armour
 - Level 5.0 Dodging
 - Level 0.8 Stealth


You had 7 spell levels left.
You didn't know any spells.
Your spell library was empty.

Inventory:

Hand Weapons
 a - a +0 shortbow of electrocution (weapon)
Armour
 e - a +0 helmet (worn)
 i - a +0 pair of gloves (worn)
 l - a +0 ring mail
 m - the +0 leather armour "Ovuckiv" (worn) {Will+ MP+9}
   (You found it on level 2 of the Dungeon)

   Will+:     It increases your willpower.
   MP+9:      It affects your magic capacity (+9).
Jewellery
 d - a ring of willpower (right hand)
 f - an amulet of the acrobat (around neck)
 n - a +5 ring of evasion (left hand)
 Y - a ring of resist corrosion
Scrolls
 p - 5 scrolls of teleportation
Potions
 b - a potion of enlightenment
 c - 11 potions of curing
 h - 4 potions of might
 j - 2 potions of heal wounds
 o - a potion of brilliance {unknown}
 q - a potion of mutation

Dungeon Overview and Level Annotations

Branches:
Dungeon (8/15)             Temple (0/1) D:6
   Lair: D:8-11

Shops:
D:5 !

Annotations:
D:5 1 runed translucent door, qw's ghost, amateur DjHu
D:8 Amaemon


Message History

You shoot an arrow. The arrow hits Amaemon!
Amaemon is moderately wounded.
You shoot an arrow. The arrow closely misses Amaemon.
You shoot an arrow. The arrow hits Amaemon.
Lightning courses through Amaemon!
Amaemon is moderately wounded.
You shoot an arrow. The arrow hits Amaemon.
Amaemon is heavily wounded.
A yak comes into view.
The orange demon closely misses you.
You shoot an arrow. The yak bellows!
The arrow hits Amaemon.
Amaemon is heavily wounded.
You shoot an arrow. The arrow closely misses Amaemon.
The arrow hits the brown ugly thing.
The brown ugly thing is lightly wounded.
Amaemon misses you. Amaemon claws you! Amaemon completely misses you.
The orange demon stings you from afar!
You are poisoned.
You have difficulty breathing.
You feel yourself slow down.
You shoot an arrow. The arrow misses Amaemon.
The arrow barely misses the brown ugly thing.
The arrow hits the yak.
The yak is lightly wounded.
You feel extremely sick. Amaemon barely misses you.
Amaemon completely misses you. Amaemon closely misses you.
The orange demon stings you from afar.
You shoot an arrow. The arrow hits Amaemon.
Lightning courses through Amaemon!
Amaemon is severely wounded.
You feel very sick. The orange demon misses you.
Amaemon hits you with a +1 demon whip of venom.
You are lethally poisoned!
Amaemon claws you. Amaemon tail-slaps you.
4727 ||| READING 6 scrolls of teleportation.
As you read the scroll of teleportation, it crumbles to dust.
You feel strangely unstable.
You feel very sick.
Amaemon hits you with a +1 demon whip of venom!
You die...

#.#<## .# #####.$..
.. ......... .
..........#
........#.
.........
.###...4#####
......Yu6@..#
..#..######.#######
... #.......# .
#######.# #...#
#.### ####.#####
#....<...#
#.######.#


You could see Amaemon, a brown ugly thing, an orange demon (curare) and a yak.

Vanquished Creatures
  5 ice beasts
  2 sky beasts
  2 ogres
  2 centaurs
  A phantom (D:4)
  A kobold brigand (D:7)
  A bullfrog (D:7)
  A gnoll sergeant (D:7)
  A scorpion (D:5)
  4 howler monkeys
  5 hounds
  2 jellies
  An orc priest (D:6)
  7 iguanas
  Natasha (twice) (D:3)
  14 adders
  6 gnolls
  2 shadow imps (D:6)
  A white imp (D:6)
  A ribbon worm (D:3)
  3 dart slugs
  13 orcs
  6 ball pythons
  6 bats
  8 endoplasms
  12 giant cockroaches
  5 goblins
  3 hobgoblins
  6 jackals (D:1)
  5 quokkas
  3 frilled lizards (D:3)
  13 kobolds
  8 rats
152 creatures vanquished.

Notes
Turn   | Place    | Note
-------+----------+-------------------------------------------
     0 | D:1      | qw the Demigod Hunter began the quest for the Orb.
     0 | D:1      | Reached XP level 1. HP: 17/17 MP: 3/3
     0 | D:1      | 0 ||| qw: Version: 0.3-a-155-g5e7d8dd
     0 | D:1      | 0 ||| qw: Game counter: 287
     0 | D:1      | 0 ||| qw: Melee chars always use a shield: true
     0 | D:1      | 0 ||| qw: God list: Okawaru
     0 | D:1      | 0 ||| qw: Allow faded altars: false
     0 | D:1      | 0 ||| qw: Do Orc after clearing Dungeon:15 true
     0 | D:1      | 0 ||| qw: Do second Lair branch before Depths: true
     0 | D:1      | 0 ||| qw: Lair rune preference: random
     0 | D:1      | 0 ||| qw: Goals: Normal
     0 | D:1      | 0 ||| PLANNING D:1-11
   117 | D:1      | Reached skill level 4 in Ranged Weapons
   122 | D:1      | Reached XP level 2. HP: 24/24 MP: 4/4
   444 | D:1      | 444 ||| UPGRADING to +0 pair of gloves.
   449 | D:1      | 449 ||| UPGRADING to ring of resist corrosion.
   450 | D:1      | 450 ||| READING 2 scrolls labelled HEUTOY DINGEI.
   451 | D:1      | 451 ||| READING scroll labelled HICREH SAREHYNYS.
   452 | D:1      | 452 ||| READING scroll labelled BOCWUU FOCW.
   452 | D:1      | 452 ||| IDENTIFYING purple potion
   453 | D:1      | 453 ||| DROPPING scroll of butterflies.
   454 | D:1      | 454 ||| DROPPING scroll of noise.
   456 | D:1      | 456 ||| Stepping ~*~*~tactically~*~*~ (cloud).
   461 | D:1      | HP: 6/24 [poisoned by you (poison gas)]
   562 | D:2      | 562 ||| RETREEEEATING.
   567 | D:2      | Reached XP level 3. HP: 18/29 MP: 5/5
   795 | D:2      | Identified the +0 leather armour "Ovuckiv" {Will+ MP+9}
   852 | D:2      | Reached skill level 5 in Ranged Weapons
   924 | D:2      | Reached XP level 4. HP: 36/36 MP: 6/6
  1130 | D:2      | 1130 ||| UPGRADING to +0 helmet.
  1135 | D:2      | 1135 ||| UPGRADING to +0 leather armour "Ovuckiv" {Will+
                  | MP+9}.
  1145 | D:2      | 1145 ||| DROPPING +0 leather armour.
  1210 | D:2      | 1210 ||| UPGRADING to ring of willpower.
  1211 | D:2      | 1211 ||| READING scroll labelled AZXUSAY MUOCAE.
  1312 | D:2      | 1312 ||| READING scroll labelled RUROKE GO WEMUST.
  1341 | D:3      | 1341 ||| STAIRDANCE
  1345 | D:3      | 1345 ||| STAIRDANCE
  1769 | D:3      | Noticed Natasha
  1773 | D:3      | Killed Natasha
  1774 | D:3      | Reached XP level 5. HP: 41/41 MP: 7/7
  1775 | D:3      | Noticed Natasha
  1789 | D:3      | Killed Natasha
  1790 | D:3      | Reached skill level 6 in Ranged Weapons
  1826 | D:3      | 1826 ||| FLEEEEING.
  1835 | D:3      | 1835 ||| FLEEEEING.
  1836 | D:3      | 1836 ||| FLEEEEING.
  1837 | D:3      | 1837 ||| FLEEEEING.
  1838 | D:3      | 1838 ||| FLEEEEING.
  1839 | D:3      | 1839 ||| FLEEEEING.
  1840 | D:3      | 1840 ||| FLEEEEING.
  1841 | D:3      | 1841 ||| FLEEEEING.
  1842 | D:3      | 1842 ||| FLEEEEING.
  1843 | D:3      | 1843 ||| FLEEEEING.
  1844 | D:3      | 1844 ||| FLEEEEING.
  1846 | D:3      | 1846 ||| FLEEEEING.
  1849 | D:3      | 1849 ||| FLEEEEING.
  1850 | D:3      | 1850 ||| FLEEEEING.
  1851 | D:3      | 1851 ||| FLEEEEING.
  1852 | D:3      | 1852 ||| FLEEEEING.
  1853 | D:3      | 1853 ||| FLEEEEING.
  1854 | D:3      | 1854 ||| STAIRDANCE
  1875 | D:2      | 1875 ||| READING 4 scrolls of identify.
  1875 | D:2      | 1875 ||| IDENTIFYING green potion
  1876 | D:2      | 1876 ||| READING 3 scrolls of identify.
  1876 | D:2      | 1876 ||| IDENTIFYING fizzy emerald potion
  1877 | D:2      | 1877 ||| READING 2 scrolls of identify.
  1877 | D:2      | 1877 ||| IDENTIFYING sapphire potion
  1878 | D:2      | 1878 ||| READING scroll of identify.
  1878 | D:2      | 1878 ||| IDENTIFYING grey potion
  1879 | D:2      | 1879 ||| DROPPING potion of berserk rage.
  1880 | D:2      | 1880 ||| DROPPING potion of ambrosia.
  1992 | D:3      | 1992 ||| UPGRADING to amulet of the acrobat.
  2019 | D:4      | Reached skill level 3 in Fighting
  2215 | D:4      | Reached skill level 1 in Armour
  2217 | D:4      | Reached XP level 6. HP: 48/51 MP: 8/8
  2460 | D:4      | Reached skill level 3 in Dodging
  2591 | D:4      | Noticed an angel
  2645 | D:4      | 2645 ||| READING scroll of identify.
  2645 | D:4      | 2645 ||| IDENTIFYING metallic black potion
  2646 | D:4      | 2646 ||| DRINKING 4 lumpy puce potions.
  2647 | D:4      | 2647 ||| DROPPING 3 potions of attraction.
  2648 | D:4      | 2648 ||| DROPPING potion of lignification.
  2677 | D:5      | Entered Level 5 of the Dungeon
  2718 | D:5      | Found Gutohagh's Distillery.
  2737 | D:5      | Reached skill level 7 in Ranged Weapons
  2737 | D:5      | Reached XP level 7. HP: 38/57 MP: 9/9
  2744 | D:5      | 2744 ||| BUYING 2 potions of curing (84 gold).
  2744 | D:5      | Bought 2 potions of curing for 84 gold pieces
  2744 | D:5      | 2744 ||| SHOPLISTING potion of cancellation (112 gold, have
                  | 111).
  2744 | D:5      | 2744 ||| SHOPLISTING potion of haste (140 gold, have 111).
  2744 | D:5      | 2744 ||| BUYING potion of might (56 gold).
  2744 | D:5      | Bought a potion of might for 56 gold pieces
  2828 | D:5      | Found a runed translucent door.
  2915 | D:5      | Noticed qw's ghost (amateur DjHu)
  2984 | D:5      | Reached skill level 8 in Ranged Weapons
  3200 | D:5      | 3200 ||| DROPPING ring of resist corrosion.
  3201 | D:5      | 3201 ||| UPGRADING to +5 ring of evasion.
  3203 | D:5      | 3203 ||| READING scroll labelled KAJAIVYUWEA.
  3204 | D:5      | 3204 ||| DRINKING 2 dark potions.
  3225 | D:6      | 3225 ||| STAIRDANCE
  3311 | D:6      | Reached XP level 8. HP: 66/66 MP: 10/10
  3369 | D:6      | Found a staircase to the Ecumenical Temple.
  3785 | D:6      | 3785 ||| READING scroll of identify.
  3785 | D:6      | 3785 ||| IDENTIFYING fuming dark potion
  3786 | D:6      | 3786 ||| READING scroll labelled YVON CYUHAISU.
  3786 | D:6      | 3786 ||| BRANDING +0 shortbow.
  3787 | D:6      | 3787 ||| DRINKING 3 bubbling golden potions.
  3820 | D:7      | Found Jupn's Distillery.
  3969 | D:7      | Reached skill level 9 in Ranged Weapons
  4048 | D:7      | 4048 ||| DROPPING +1 sling of draining.
  4315 | D:7      | 4315 ||| FLEEEEING.
  4327 | D:7      | 4327 ||| FLEEEEING.
  4386 | D:7      | 4386 ||| FLEEEEING.
  4674 | D:7      | 4674 ||| READING scroll labelled XAEJUACEIS.
  4702 | D:8      | Noticed an orange demon
  4703 | D:8      | 4703 ||| DRINKING potion of haste.
  4707 | D:8      | Noticed Amaemon
  4714 | D:8      | Noticed a brown ugly thing
  4715 | D:8      | 4715 ||| RETREEEEATING.
  4717 | D:8      | 4717 ||| RETREEEEATING.
  4726 | D:8      | HP: 16/68 [Amaemon/+1 demon whip of venom (6)]
  4727 | D:8      | 4727 ||| READING 6 scrolls of teleportation.
  4727 | D:8      | HP: 7/68 [poisoned by Amaemon]
  4727 | D:8      | Mangled by Amaemon

Levels and vault maps discovered:
D:1:      dpeg_arrival_tiny_g, layout_rooms, amcnicky_mini_corridor_feature,
          minmay_tall_x
D:2:      layout_basic, basic_altar
D:3:      minmay_roachtagon, layout_basic, nicolae_tso_swordbearing_angel,
          uniq_natasha
D:4:      layout_rooms, zin_angel, dreamdust_gnoll_farm
D:5:      layout_rooms, serial_shops, shop, ebering_ghost_inner_flame
D:6:      lemuel_ice_spiral_2, layout_rooms, nicolae_hepliaklqana_hazy_memory,
          minmay_temple_entry_proselytizer
D:7:      layout_loops_ring, serial_shops, shop
D:8:      layout_basic, hex_tiny, minmay_ruffians, uniq_jeremiah, uniq_maurice,
          uniq_amaemon

Skill      XL: |  1  2  3  4  5  6  7  8 |
---------------+-------------------------+-----
Ranged Weapons | 4 5 6 7 8 9 |  9.5
Fighting       | 2 3 5 |  5.0
Dodging        | 2 3 4 5 |  5.0
Armour         | 1 |  1.1
Stealth        | |  0.8

Action                     |  1- 3 |  4- 6 |  7- 9 || total
---------------------------+-------+-------+-------++-------
   Fire: Shortbow          |   118 |   221 |   221 ||   560
    Use: Scroll            |     3 |     7 |     5 ||    15
         Potion            |       |     1 |     3 ||     4
 Armour: Leather armour    |    23 |    67 |    29 ||   119
  Dodge: Dodged            |    36 |    67 |    81 ||   184

Table legend:
 A = Non-vault XP
 B = Vault XP
 C = Vault XP percentage of total XP
 D = Non-vault monster count
 E = Vault monster count
 F = Vault count percentage of total count
                 A         B        C        D         E       F
            +---------+---------+-------+---------+---------+-------
      Total |    3004 |     197 |   6.2 |     133 |      19 |  12.5
            +---------+---------+-------+---------+---------+-------
        D:1 |      34 |       8 |  19.0 |      18 |       4 |  18.2
        D:2 |      79 |       0 |   0.0 |      22 |       0 |   0.0
        D:3 |     118 |      48 |  28.9 |      24 |       9 |  27.3
        D:4 |     223 |     100 |  31.0 |      17 |       5 |  22.7
        D:5 |     780 |       0 |   0.0 |      18 |       0 |   0.0
        D:6 |     565 |      41 |   6.8 |      11 |       1 |   8.3
        D:7 |    1072 |       0 |   0.0 |      22 |       0 |   0.0
        D:8 |     133 |       0 |   0.0 |       1 |       0 |   0.0
            +---------+---------+-------+---------+---------+-------
